 Dungeon Crawl Stone Soup version 0.17-a0-957-ga3519be (webtiles) character file.

380 Woebin the Grave Robber (level 6, -2/43 HPs)
             Began as a Mummy Necromancer on May 7, 2015.
             Shot with an arrow by a centaur (7 damage)
             ... on level 5 of the Dungeon.
             The game lasted 00:25:39 (5230 turns).

Woebin the Grave Robber (Mummy Necromancer)         Turns: 5230, Time: 00:25:39

Health: -2/43      AC:  5    Str: 11    XL:     6   Next: 46%
Magic:  4/12       EV: 12    Int: 17    God:
Gold:   255        SH:  0    Dex: 12    Spells: 4 memorised, 2 levels left

rFire  x . .     SeeInvis .     a - +3 dagger (flame)
rCold  + . .     Clarity  .     i - +0 robe
rNeg   + + +     SustAb   .     (no shield)
rPois  ∞         Gourm    .     g - +1 helmet
rElec  .         Spirit   .     f - +0 cloak
rCorr  .         Warding  +     (no gloves)
rMut   .         Stasis   .     (no boots)
MR     .....                    c - amulet of warding
Stlth  ++........               (no ring)
                                e - ring of poison resistance

@: not resistant to hostile enchantments, unstealthy
A: no food or potions, fire vulnerability, cold resistance 1, negative energy
resistance 3, torment resistance, unbreathing
a: no special abilities


You were on level 5 of the Dungeon.
You were not hungry.

You visited 1 branch of the dungeon, and saw 5 of its levels.

You collected 255 gold pieces.

Inventory:

Hand weapons
 a - a +3 dagger of flaming (weapon)
 b - a +4 dagger
 h - a +0 whip of draining
 p - a cursed -1 hunting sling
Missiles
 k - 117 stones
 l - 35 sling bullets
 n - 5 tomahawks (quivered)
Armour
 f - a +0 cloak (worn)
 g - a +1 helmet (worn)
 i - a +0 robe (worn)
Jewellery
 c - an amulet of warding (around neck)
 e - a ring of poison resistance (left hand)
Magical devices
 d - a wand of magic darts (7)
 q - a wand of digging (4)
Scrolls
 j - 2 scrolls of magic mapping
 o - 2 scrolls of identify
Books
 m - a book of Necromancy

   Spells                             Type                      Level
   a - Pain                           Necromancy                   1
   b - Animate Skeleton               Necromancy                   1
   c - Vampiric Draining              Necromancy                   3
   d - Regeneration                   Charms/Necromancy            3
   e - Animate Dead                   Necromancy                   4
   f - Control Undead                 Necromancy                   4


   Skills:
 + Level 1.1 Fighting
 + Level 0.1 Short Blades
 + Level 2.2 Dodging
 + Level 1.9 Stealth
 + Level 4.5 Spellcasting
 + Level 5.6 Necromancy


You had 2 spell levels left.
You knew the following spells:

 Your Spells              Type           Power        Failure   Level  Hunger
a - Pain                  Necr           ###.         1%          1    N/A
b - Vampiric Draining     Necr           ###.......   6%          3    N/A
c - Animate Dead          Necr           N/A          17%         4    N/A
d - Control Undead        Necr           ###.......   17%         4    N/A

Dungeon Overview and Level Annotations

Branches:
Dungeon (5/15)
 Temple: D:4-7

Altars:
Ashenzari
Elyvilon
Yredelemnul
The Shining One


Innate Abilities, Weirdness & Mutations

You do not eat or drink.
Your flesh is vulnerable to fire.
You are immune to poison.
Your flesh is cold resistant.
You are immune to negative energy.
You are immune to unholy pain and torment.
You can survive without breathing.


Message History

Your gnoll zombie hits the gnoll sergeant with a spear.
The gnoll sergeant hits you from afar with a spear.
Your gnoll zombie hits the gnoll sergeant but does no damage.
The gnoll sergeant hits you but does no damage.
The gnoll sergeant hits you from afar with a spear.
* * * LOW HITPOINT WARNING * * *
Your gnoll zombie barely misses the gnoll sergeant.
A centaur comes into view.
The centaur wields a shortbow.
The centaur shoots an arrow.
The arrow barely misses you.
The gnoll sergeant throws a stone.
The stone barely misses your gnoll zombie.
The stone hits you.
* * * LOW HITPOINT WARNING * * *
Your gnoll zombie hits the gnoll sergeant with a spear.
Things that are here:
a stone; an arrow The centaur shoots an arrow.
The arrow closely misses you.
The gnoll sergeant hits your gnoll zombie with a spear!
The centaur shoots an arrow.
The arrow hits you!
You die...

...................#
#.######.###..####.
#.# #.###..####...
#.# #...c.........
#.# #####..#####. #
#.# #..### .# #.#
#....###..# #.#
##.>.......#.. #.#
#.....@....?.. #.###
#.##(####..#.# #...#
#.##.# .# ###.#
#.##Z# #.# #.##g#
#.# ##.##g###...
#.## #...ggg....#
#..#####.......#.###
#.#.##.#..##.......#


You could see a centaur.

Vanquished Creatures
  2 crimson imps
  2 hounds
  A worker ant (D:5)
  2 orc wizards (D:4)
  Terence (D:3)
  2 worker ant zombies (D:5)
  A gnoll (D:5)
  2 adders
  An ooze (D:3)
  4 worms
  10 orcs
  12 hobgoblins
  6 jackals
  11 kobolds
  3 quokkas
  3 ball pythons
  5 bats
  3 giant cockroaches
  3 giant geckos
  3 giant newts
  8 goblins
  3 goblin zombies (D:4)
  A hobgoblin zombie (D:4)
  2 kobold skeletons (D:4)
  A kobold zombie (D:4)
  2 orc skeletons (D:4)
  An orc zombie (D:4)
  7 rats
102 creatures vanquished.

Vanquished Creatures (collateral kills)
  An orc wizard (D:5)
  A goblin zombie (D:4)
  A hobgoblin zombie (D:4)
  A jackal skeleton (D:4)
  A rat (D:5)
5 creatures vanquished.

Grand Total: 107 creatures vanquished

Notes
Turn   | Place    | Note
--------------------------------------------------------------
     0 | D:1      | Woebin, the Mummy Necromancer, began the quest for the Orb.
     0 | D:1      | Reached XP level 1. HP: 13/13 MP: 3/3
   185 | D:1      | Reached XP level 2. HP: 19/19 MP: 0/5
  1304 | D:2      | Found a shattered altar of Ashenzari.
  1325 | D:2      | Reached XP level 3. HP: 24/24 MP: 4/6
  1349 | D:2      | Learned a level 3 spell: Vampiric Draining
  1353 | D:2      | Found a basalt altar of Yredelemnul.
  2018 | D:3      | Noticed Terence
  2097 | D:3      | Found a white marble altar of Elyvilon.
  2115 | D:3      | HP: 1/24 [worm (2)]
  2695 | D:3      | Killed Terence
  2695 | D:3      | Reached XP level 4. HP: 30/30 MP: 2/8
  2752 | D:3      | Learned a level 4 spell: Animate Dead
  2918 | D:3      | Your ally Terence died
  3285 | D:4      | Reached skill level 5 in Necromancy
  3428 | D:4      | Reached XP level 5. HP: 35/35 MP: 4/10
  3592 | D:4      | HP: 1/36 [orc wizard/dagger (1)]
  3594 | D:4      | Reached skill level 1 in Fighting
  4249 | D:4      | Found a glowing golden altar of the Shining One.
  4300 | D:4      | Reached XP level 6. HP: 33/43 MP: 12/12
  4372 | D:4      | Learned a level 4 spell: Control Undead
  4451 | D:4      | Noticed a phantom
  4497 | D:5      | Entered Level 5 of the Dungeon
  5230 | D:5      | Shot with an arrow by a centaur

Action                   |  1- 3 |  4- 6 || total
-------------------------+-------+-------++-------
Melee: Club              |    28 |       ||    28
       Unarmed           |     5 |       ||     5
       Dagger            |       |   158 ||   158
 Cast: Pain              |    81 |    51 ||   132
       Vampiric Draining |     4 |     9 ||    13
       Animate Dead      |       |    12 ||    12
       Control Undead    |       |     3 ||     3
  Use: Scroll            |     6 |     6 ||    12
